Map: Lerilak Crest

Players

LilDicky - Winner!

  • Race: Terran Terran
  • League: Diamond

Goldorak

  • Race: Terran Terran
  • League: Platinum

VOD

http://www.twitch.tv/tumescentpie

Description

Time

  • Played on: Dec. 2, 2015, 10:02 a.m.
  • Length: 5:38
Show
View Real Time Build Order
Export as new Build Order

LilDicky Terran - Winner!

Build Orders:  

Get SALT Encoding   

  12  0:01  SCV  
  13  0:14  SCV  
  14  0:17  Supply Depot  
  14  0:26  SCV  
  15  0:29  Refinery  
  15  0:39  SCV  
  16  0:46  Barracks  
  16  0:51  SCV  
  17  1:03  SCV  
  18  1:15  SCV  
  19  1:27  SCV  
  20  1:33  Reaper  
  20  1:35  Supply Depot  
  20  1:39  Orbital Command  
  21  1:43  Refinery  
  21  1:52  Factory  
  21  2:11  SCV  
  21  2:12  Marine  
  23  2:23  SCV  
  23  2:27  Supply Depot  
  24  2:30  Marine  
  24  2:35  SCV  
  26  2:45  Factory Tech Lab, Starport  
  26  2:47  SCV  
  26  2:48  Marine  
  28  2:53  Supply Depot  
  28  3:00  SCV  
  28  3:05  Siege Tank  
  32  3:06  Marine  
  32  3:12  SCV  
  34  3:23  Supply Depot  
  34  3:24  Viking, Marine  
  37  3:29  SCV  
  38  3:37  Siege Tank  
  41  3:42  Marine  
  41  3:44  SCV  
  43  3:54  Medivac  
  45  3:59  Marine  
  46  4:03  SCV  
  46  4:07  Supply Depot  
  47  4:13  Siege Tank  
  47  4:15  SCV  
  51  4:17  Marine  
  52  4:29  Viking  
  53  4:35  Marine  
  54  4:43  SCV  
  55  4:53  Marine  
  54  5:11  Marine  
Show
View Real Time Build Order
Export as new Build Order

Goldorak Terran 

Build Orders: Reaper Expand 

Get SALT Encoding   

  12  0:01  SCV  
  13  0:13  SCV  
  14  0:18  Supply Depot  
  14  0:25  SCV  
  15  0:29  Refinery  
  15  0:39  SCV  
  16  0:51  Barracks  
  16  0:52  SCV  
  17  1:04  SCV  
  18  1:16  SCV  
  19  1:39  Reaper  
  20  1:40  Command Center  
  20  1:48  Orbital Command  
  20  2:01  Barracks  
  20  2:11  Reaper  
  20  2:30  SCV  
  20  2:35  Refinery  
  20  2:42  SCV  
  20  2:43  Reaper  
  22  2:50  Reaper  
  23  2:56  Supply Depot  
  23  2:58  Engineering Bay  
  23  3:03  SCV  
  24  3:06  Factory  
  24  3:16  Bunker  
  24  3:30  Barracks Reactor  
  24  3:34  Missile Turret  
  24  3:37  SCV  
  24  3:40  Missile Turret  
  25  3:41  Barracks Reactor  
  25  3:49  SCV  
  25  3:52  Orbital Command  
  26  3:59  Factory Tech Lab  
  26  4:12  Marine x2  
  26  4:15  SCV  
  29  4:20  SCV  
  30  4:25  Missile Turret  
  30  4:28  SCV  
  31  4:32  Marine x2  
  31  4:33  Marine x2  
  34  4:39  Siege Tank  
  33  5:05  Marine x4  
  28  5:07  Orbital Command  
Tags
 
Add a new tag
Caveats
  • Supply blocks, unpowered buildings, or Contaminate may cause inaccurate times.
  • Supply counts are checked every 10 seconds.